[Event "*** Titled Tuesday Blitz"]
[Site "Chess.com"]
[Date "2020.10.20"]
[Round "5"]
[White "onetowin"]
[Black "indfraeng"]
[Result "0-1"]
[WhiteElo "2106"]
[BlackElo "2341"]
[TimeControl "180+1"]
[EndTime "10:57:33 PDT"]
[Termination "indfraeng won by resignation"]

1. d4 d5 2. Nf3 Nf6 3. g3 c5 4. Bg2 Nc6 5. c4 cxd4 6. O-O e5 7. cxd5 Nxd5 8. e3 Bc5 9. Nxe5 dxe3 10. Nxc6 exf2+ 11. Kh1 bxc6 12. Qc2 Qe7 13. Nc3 Ba6 14. Nxd5 Qd7 15.
Qxc5 Bxf1 16. Bxf1 Qxd5+ 17. Qxd5 cxd5 18. Bb5+ Ke7 19. Bf4 f6 20. Rf1 g5 21. Be3 Rab8 22. Bd3 Rxb2 23. Rxf2 Rhb8 24. Bc5+ Kf7 25. Kg2 Rxf2+ 26.
Kxf2 Rb2+ 27. Ke3 Rxa2 28. Kd4 Rxh2 29. Bf5 a5 30. g4 Rd2+ 31. Kc3 Rd1 32. Bc2 Rg1 33.
Bb3 Rxg4 34. Bxd5+ Kg7 35. Bd4 Rg3+ 36. Kc4 a4 37.
Be6 h5 38. Bc3 h4 39. Be1 Rf3 40. Bd5 Re3 41. Bd2 Re2 42. Bc3 h3 43. Bf3 Re3 44.
Kd4 Rxf3 0-1

[Event "*** Titled Tuesday Blitz"]
[Site "Chess.com"]
[Date "2020.10.20"]
[Round "5"]
[White "AurumO"]
[Black "Maksimus1998"]
[Result "0-1"]
[WhiteElo "1952"]
[BlackElo "2604"]
[TimeControl "180+1"]
[EndTime "10:57:33 PDT"]
[Termination "Maksimus1998 won on time"]

1. e4 c5 2. c3 d5 3. exd5 Qxd5 4. d4 Nf6 5. Nf3 e6 6. Nbd2 cxd4 7. cxd4 Nc6 8. Bc4 Qd8 9. O-O Be7 10. Re1 Nxd4 11. Nxd4 Qxd4 12. Bb5+ Bd7 13. Bxd7+ Qxd7 14. Nf3 Qxd1 15.
Rxd1 Rd8 16. Be3 b6 17. Ne5 Rxd1+ 18. Rxd1 Nd5 19. Nc6 Bf6 20. b3 a6 21. Bd4 Kd7 22.
Ne5+ Bxe5 23. Bxe5 f6 24. Bb2 Rc8 25. Rd2 Kd6 26.
h4 h5 27. g3 b5 28. Kg2 b4 29.
f3 a5 30. Kf2 e5 31. g4 hxg4 32. fxg4 Ke6 33. Kf3 Nc3 34. Ba1 Rh8 35. h5 f5 36.
Bxc3 bxc3 37. Rc2 fxg4+ 38. Kxg4 Rc8 39. Kg5 Kd5 40. Kg6 Rc7 41. a3 Kd4 42. b4 axb4 43.
axb4 Kd3 44. Rf2 c2 45. Rxc2 Kxc2 46. b5 e4 47. b6 Rb7 0-1

[Event "*** Titled Tuesday Blitz"]
[Site "Chess.com"]
[Date "2020.10.20"]
[Round "5"]
[White "Jospem"]
[Black "abhidabhi"]
[Result "1/2-1/2"]
[WhiteElo "2952"]
[BlackElo "2810"]
[TimeControl "180+1"]
[EndTime "10:57:37 PDT"]
[Termination "Game drawn by agreement"]

1. e4 e5 2. Nf3 Nc6 3. Bc4 Bc5 4. c3 Nf6 5. d3 d6 6. Nbd2 h6 7. h3 a6 8. a4 Ba7 9. Nf1 O-O 10.
Ng3 d5 11. exd5 Nxd5 12. O-O Nf6 13. a5 Qd6 14. Be3 Bxe3 15. fxe3 e4 16. Nxe4 Nxe4 17. dxe4 Qe7 18. Bd5 Be6 19. Qb3 Nd8 20. Nd4 c6 21. Bxe6 Nxe6 22. Nf5 Qc7 23. Qb6 Qxb6 24. axb6 Rad8 25.
e5 Rfe8 26. Rad1 Nc5 27. Rxd8 Rxd8 28. Nd6 Rd7 29. Rf4 Nd3 30. Re4 Nxb2 31. Rd4 c5 32. Re4 a5 33. Nc4 Nxc4 34. Rxc4 Rd5 35. Ra4 Rxe5 36.
Rxa5 Rxe3 37. Rxc5 Re6 38. Rc8+ Kh7 39. Rc7 Rxb6 40. Rxf7 1/2-1/2

[Event "*** Titled Tuesday Blitz"]
[Site "Chess.com"]
[Date "2020.10.20"]
[Round "5"]
[White "aloe_normansen"]
[Black "IANOV0007"]
[Result "1-0"]
[WhiteElo "2350"]
[BlackElo "2481"]
[TimeControl "180+1"]
[EndTime "10:57:37 PDT"]
[Termination "aloe_normansen won on time"]

1. e4 d6 2. d4 Nf6 3. Nc3 c6 4. a4 Qa5 5. Bd2 e5 6. Nf3 Bg4 7. dxe5 dxe5 8. h3 Bh5 9. Bc4 Bb4 10. O-O Nbd7 11. Qe2 O-O 12. Bb3 Rfe8 13. g4 Bg6 14.
Nh4 Nc5 15. f3 Rad8 16. Kg2 Ne6 17. Bxe6 Rxe6 18. Nf5 h5 19. g5 Nd7 20. Rad1 Nc5 21. Be3 Ree8 22. Nd6 Re7 23. Bxc5 Bxc5 24. Nc4 Qc7 25.
Rxd8+ Qxd8 26. Rd1 Qc7 27. Ne3 Bd4 28. Nf5 Rd7 29.
Qc4 Qd8 30. h4 a5 31. b3 Ba7 32. Rxd7 Qxd7 33. Qd3 Qc7 34. Qd6 Qb6 35. Ne7+ Kh7 36.
Nd1 Qg1+ 37. Kh3 Qh1+ 38. Kg3 Bg1 39. Qd2 Bd4 40. c3 Qg1+ 41. Kh3 1-0

[Event "*** Titled Tuesday Blitz"]
[Site "Chess.com"]
[Date "2020.10.20"]
[Round "5"]
[White "Zmof"]
[Black "kot60"]
[Result "1-0"]
[WhiteElo "2179"]
[BlackElo "2338"]
[TimeControl "180+1"]
[EndTime "10:57:37 PDT"]
[Termination "Zmof won by resignation"]

1. e4 e5 2. Bc4 Bc5 3. Nf3 d6 4. O-O Nc6 5. c3 Be6 6. Bxe6 fxe6 7. d4 exd4 8. cxd4 Bb6 9. Nc3 Nf6 10. e5 dxe5 11.
dxe5 Qxd1 12. Rxd1 Ng4 13. Ne4 Ncxe5 14. Nxe5 Nxe5 15. Ng5 O-O 16. Be3 Rae8 17. Bxb6 axb6 18. Re1 Rf5 19. h4 h6 20. Nh3 Kf7 21. f4 Nd3 22. Re4 e5 23. Rd1 Nc5 24. Rxe5 Rfxe5 25. fxe5 Rxe5 26.
b4 Na4 27. Nf4 c6 28. h5 Re4 29. g3 Nc3 30. Rd7+ Re7 31. Rd2 Ne4 32. Rd3 Nf6 33. Kg2 Rd7 34. Re3 Nd5 35. Nxd5 Rxd5 36. Rf3+ Ke7 37. Re3+ Kd8 38. Rf3 Rxh5 39. Rf7 Rb5 40.
a3 Rxb4 41. axb4 c5 42. Rxb7 c4 43. Rxb6 Kc7 44. Rb5 Kd6 45. Rc5 1-0

[Event "*** Titled Tuesday Blitz"]
[Site "Chess.com"]
[Date "2020.10.20"]
[Round "5"]
[White "AryanTari"]
[Black "kleinebeer98"]
[Result "1-0"]
[WhiteElo "2855"]
[BlackElo "2620"]
[TimeControl "180+1"]
[EndTime "10:57:38 PDT"]
[Termination "AryanTari won by resignation"]

1. d4 d5 2. Nf3 Nc6 3. Bf4 Bg4 4. Nbd2 e6 5. e3 Bd6 6. h3 Bh5 7. Bb5 Bxf4 8. exf4 Ne7 9. O-O O-O 10. c3 f6 11. Re1 Bf7 12. Bd3 Nc8 13. Qc2 h6 14. Bh7+ Kh8 15. Bg6 Qd6 16. Bxf7 Rxf7 17. Qg6 Rf8 18.
Qg4 Nd8 19. Re2 Ne7 20. Rae1 Nf5 21. Nf1 Kh7 22. Ng3 Nxg3 23. Qxg3 f5 24. Ne5 Rf6 25. h4 Nc6 26. h5 Re8 27. Ng6 Ne7 28. Ne5 Nc6 29. Qd3 Re7 30. g4 Kg8 31. g5 hxg5 32. fxg5 Rf8 33. Ng6 Rfe8 34. Nxe7+ Rxe7 35. Qf3 Nd8 36. g6 c6 37. Kg2 Kf8 38. Qg3 f4 39. Qg4 Ke8 40. Re5 Kd7 41. Qxf4 Re8 42. Qg4 Rf8 43. f4 Rf6 44. f5 Qf8 45. R1e3 exf5 46.
Re7+ Qxe7 47. Rxe7+ Kxe7 48. Qf4 Ne6 49. Qb8 f4 50. Qxb7+ Kd8 51. Qb8+ Ke7 52. Qe5 f3+ 53. Kf2 Kf8 54. h6 Rxg6 55. h7 Rh6 56. h8=Q+ 1-0

[Event "*** Titled Tuesday Blitz"]
[Site "Chess.com"]
[Date "2020.10.20"]
[Round "5"]
[White "LaPorfia"]
[Black "SCIM"]
[Result "1-0"]
[WhiteElo "2325"]
[BlackElo "2472"]
[TimeControl "180+1"]
[EndTime "10:57:38 PDT"]
[Termination "LaPorfia won by resignation"]

1. d4 Nf6 2. Nf3 g6 3. Nc3 d5 4.
Bf4 Bg7 5. e3 O-O 6. Be2 c5 7.
O-O Qb6 8. Rb1 c4 9. Ne5 Nc6 10. Bf3 Be6 11. h3 Qa5 12. Nxc6 bxc6 13. Be5 Rfd8 14.
Qe1 Bf5 15. e4 dxe4 16. Be2 Be6 17. b3 cxb3 18. axb3 Kf8 19. Ra1 Qb6 20. Na4 Qb7 21.
Nc5 Qb6 22. Ra6 Bd5 23. c4 Be6 24. Rxb6 axb6 25. Nxe6+ fxe6 26. Bd1 Ra1 27. Qc3 Ra2 28. Bc2 Kf7 29. Ra1 Rxa1+ 30. Qxa1 c5 31. dxc5 bxc5 32.
Bxe4 Nxe4 33. Bxg7 Rd2 34. Be5 Nxf2 35. Qe1 Rd1 36.
Kxf2 Rxe1 37. Kxe1 g5 38. Bc7 Kg6 39. Bb6 Kf5 40.
Bxc5 Ke4 41. b4 Kd3 42. b5 Kxc4 43.
b6 Kxc5 44. b7 e5 45. b8=Q e4 46. Qh8 1-0

[Event "*** Titled Tuesday Blitz"]
[Site "Chess.com"]
[Date "2020.10.20"]
[Round "5"]
[White "northridgehawk"]
[Black "MidnightFox"]
[Result "1/2-1/2"]
[WhiteElo "2229"]
[BlackElo "2435"]
[TimeControl "180+1"]
[EndTime "10:57:38 PDT"]
[Termination "Game drawn by repetition"]

1. e4 e5 2. Nf3 Nc6 3. Bb5 a6 4. Ba4 Nf6 5. d3 b5 6. Bb3 Bc5 7. Nc3 d6 8. O-O Na5 9. Nd5 Nxb3 10. axb3 Nxd5 11. exd5 O-O 12. c3 Bg4 13. h3 Bh5 14. b4 Bb6 15. Be3 Qf6 16. g4 Bxe3 17. fxe3 Bg6 18. e4 Qf4 19. Kg2 h5 20. g5 h4 21.
Qe1 Bh5 22. Nxh4 Qxg5+ 23. Qg3 Qxg3+ 24. Kxg3 g6 25. Rf2 f5 26. exf5 gxf5 27. Rxf5 Be2 28. d4 e4 29. Kf4 Bd3 30. Rg1+ Kh7 31. Ke3 Rxf5 32. Nxf5 Rf8 33. Rg5 Rf7 34. h4 Kh8 35.
h5 Kh7 36. h6 Kh8 37. Nh4 Kh7 38. Rf5 Re7 39. Rf6 Re8 40. Nf5 Rg8 41. Rf7+ Kh8 42.
Rg7 Rf8 43. Ne7 Rf3+ 44. Kd2 Rf2+ 45. Kd1 e3 46. Ng6+ Bxg6 47. Rxg6 Rxb2 48. Re6 Kh7 49. Rxe3 Kxh6 50. Re2 Rxe2 51. Kxe2 Kh5 52. Kf3 Kg5 53. Kg3 Kf5 54. Kf3 Kg5 55. Kg3 Kf5 56. Kf3 Kg5 1/2-1/2

[Event "*** Titled Tuesday Blitz"]
[Site "Chess.com"]
[Date "2020.10.20"]
[Round "5"]
[White "Azerichess"]
[Black "Aleksey_Sorokin"]
[Result "1-0"]
[WhiteElo "2973"]
[BlackElo "2841"]
[TimeControl "180+1"]
[EndTime "10:57:39 PDT"]
[Termination "Azerichess won by resignation"]

1. d4 Nf6 2. c4 g6 3. Nc3 d5 4. Nf3 Bg7 5. cxd5 Nxd5 6. Bg5 Nxc3 7. bxc3 c5 8. Rc1 O-O 9. Qd2 Bg4 10. e3 Bxf3 11.
gxf3 cxd4 12. cxd4 Qd5 13. e4 Qxd4 14. Qxd4 Bxd4 15. Bxe7 Re8 16. Bg5 a6 17. Bc4 Nc6 18. Ke2 Rac8 19. Bd5 Kg7 20. Bd2 Bf6 21. Bxc6 Rxc6 22.
Rxc6 bxc6 23. Rc1 Rc8 24. Be3 Kf8 25. Rc4 Ke8 26. f4 Be7 27. Ra4 Ra8 28. Kd3 Kd7 29. Kc4 a5 30. Bd2 Bd8 31. Ra3 Kc8 32. Rh3 h5 33. Rf3 Rb8 34. Bc3 Rb1 35. f5 g5 36.
f6 Rc1 37. Rf5 g4 38. Kd3 h4 39. Bxa5 Bxa5 40. Rxa5 Rh1 41. e5 Rxh2 42. e6 fxe6 43. Ra8+ Kd7 44. f7 Rxf2 45. f8=Q Rxf8 46. Rxf8 h3 47. Ke3 c5 48. Kf4 c4 49. Kxg4 h2 50. Rh8 1-0

[Event "*** Titled Tuesday Blitz"]
[Site "Chess.com"]
[Date "2020.10.20"]
[Round "5"]
[White "GoltsevDmitry2000"]
[Black "Artem_Sadovsky"]
[Result "1-0"]
[WhiteElo "2681"]
[BlackElo "2504"]
[TimeControl "180+1"]
[EndTime "10:57:39 PDT"]
[Termination "GoltsevDmitry2000 won on time"]

1. e4 g6 2. Nf3 Bg7 3. d4 d6 4.
c3 e5 5. dxe5 dxe5 6. Qxd8+ Kxd8 7. Bc4 f6 8. Ke2 Nd7 9. Rd1 Bh6 10. Bxh6 Nxh6 11. Na3 c6 12. Nc2 Ke7 13. a4 Nc5 14.
Nd2 a5 15. f3 Rd8 16. Nb3 Rxd1 17. Kxd1 Nxb3 18. Bxb3 Nf7 19. Ke2 Nd8 20. Ne3 Ne6 21. Bc2 Nc5 22. b4 axb4 23. cxb4 Ne6 24. a5 Nd4+ 25.
Kf2 Be6 26. Bd3 b5 27. axb6 Rb8 28. Ra7+ Kd6 29. b7 Kc7 30. Ba6 c5 31. b5 Nxb5 32. Bxb5 Rxb7 33. Rxb7+ Kxb7 34. Bc4 Bxc4 35. Nxc4 Kc6 36.
Ke3 Kb5 37. Nd6+ Kb4 38. Kd2 Kb3 39. Kc1 Kc3 40. Ne8 f5 41. Nf6 Kd3 42. exf5 gxf5 43.
Nxh7 e4 44. fxe4 fxe4 45. Ng5 e3 46. h4 e2 47. Nf3 Ke3 48. h5 Kf2 49. Kd2 c4 50. h6 c3+ 51. Kxc3 Kxg2 52. Ne1+ 1-0

[Event "*** Titled Tuesday Blitz"]
[Site "Chess.com"]
[Date "2020.10.20"]
[Round "5"]
[White "TST2014"]
[Black "ural58"]
[Result "1-0"]
[WhiteElo "2515"]
[BlackElo "2342"]
[TimeControl "180+1"]
[EndTime "10:57:40 PDT"]
[Termination "TST2014 won by resignation"]

1. d4 d5 2. c4 e5 3. dxe5 d4 4.
Nf3 Nc6 5. a3 g6 6. e3 Bg4 7.
Be2 Bxf3 8. Bxf3 Nge7 9. exd4 Qxd4 10. O-O Bg7 11. Qb3 Qb6 12. Qb5 O-O-O 13. Bg5 Rhe8 14. Bf6 Bxf6 15. exf6 Nf5 16. Qxb6 axb6 17. Bg4 Nd4 18.
Nc3 h5 19. Bh3 g5 20. Bxf5+ Nxf5 21. Rfe1 c6 22. Ne4 Re6 23. Nxg5 Rxf6 24. Rad1 Nd4 25. Ne4 Re6 26. f3 f5 27. Ng5 Rxe1+ 28. Rxe1 Nb3 29. Re2 Nc1 30. Rc2 Rd1+ 31. Kf2 Rh1 32. h3 f4 33. Ne6 Nd3+ 34. Ke2 Kd7 35. Kxd3 Kxe6 36. Ke4 h4 37. Kxf4 Rd1 38. Kg5 Ke5 39. Kxh4 Kf4 40. Re2 Rd7 41. Re4+ Kf5 42. g4+ Kf6 43.
f4 Rd2 44. g5+ Kf5 45. Re7 Rxb2 46. Rf7+ Kg6 47. Rf6+ Kg7 48. Kg4 b5 49. cxb5 Rxb5 50. h4 Rb1 51. h5 c5 52. h6+ Kh7 53. Rf7+ Kg8 54. g6 Rg1+ 55. Kf5 b5 56. h7+ Kh8 57. Rf8+ 1-0

[Event "*** Titled Tuesday Blitz"]
[Site "Chess.com"]
[Date "2020.10.20"]
[Round "5"]
[White "Chessdreamer2020"]
[Black "Fortitudine"]
[Result "1/2-1/2"]
[WhiteElo "2464"]
[BlackElo "2297"]
[TimeControl "180+1"]
[EndTime "10:57:40 PDT"]
[Termination "Game drawn by repetition"]

1. e4 c5 2. Nf3 d6 3. Bb5+ Nd7 4.
d4 cxd4 5. Qxd4 a6 6. Be2 Ngf6 7. O-O e6 8. c4 Be7 9. Nc3 O-O 10. b3 b6 11. Re1 Bb7 12. Ba3 Nc5 13. Bf1 Qc7 14.
Rad1 Rad8 15. Bb2 e5 16. Qe3 Ncxe4 17. Nd5 Bxd5 18. cxd5 Nc5 19. b4 Na4 20. Ba1 b5 21. Bd3 Rfe8 22. Bb1 Bf8 23. Ng5 Nb6 24. Qd3 g6 25.
Qf3 Bg7 26. h4 Nc4 27. Rc1 Qd7 28. Ne4 Nxe4 29. Bxe4 f5 30. Bb1 e4 31. Qe2 Bxa1 32.
h5 Bg7 33. hxg6 hxg6 34. Bc2 Qf7 35. Bb3 Rc8 36. Red1 Re7 37. Rc2 Rec7 38. Rdc1 Ne5 39. a4 Rxc2 40. Rxc2 Nc4 41. axb5 axb5 42. Bxc4 bxc4 43.
Rxc4 Rxc4 44. Qxc4 Be5 45. b5 Qa7 46. g3 e3 47. Kg2 exf2 48. Qc6 Qe3 49. Qe8+ Kg7 50.
Qe7+ Kh8 51. Qe8+ Kh7 52. Qe7+ Kh6 53. Qh4+ Kg7 54. Qe7+ Kg8 55. Qe8+ Kg7 56. Qe7+ 1/2-1/2

[Event "*** Titled Tuesday Blitz"]
[Site "Chess.com"]
[Date "2020.10.20"]
[Round "5"]
[White "HanSchut"]
[Black "atalz0"]
[Result "1-0"]
[WhiteElo "2266"]
[BlackElo "2398"]
[TimeControl "180+1"]
[EndTime "10:57:40 PDT"]
[Termination "HanSchut won on time"]

1. e4 d5 2. exd5 Nf6 3. Bb5+ Bd7 4. Be2 Nxd5 5. d4 Bf5 6. c4 Nb4 7. Na3 e6 8. Nf3 Be7 9. O-O O-O 10. Be3 N8c6 11. Qd2 a6 12. h3 Be4 13. Rfd1 Bf6 14. Ng5 Bg6 15. d5 exd5 16. cxd5 Ne5 17. Qxb4 Bxg5 18.
Bxg5 Qxg5 19. f4 Qh4 20. Qe1 Qxf4 21. Rac1 Rfe8 22. Qf2 Qxf2+ 23. Kxf2 Re7 24. Rc3 Rd8 25. Rdc1 Rxd5 26. Rxc7 Rxc7 27. Rxc7 h5 28. Rxb7 Rd2 29. Ke3 Rd8 30. Bxa6 Re8 31. Kf2 Re6 32. Be2 Rf6+ 33. Kg3 Be4 34. Nc4 Rg6+ 35. Kf4 Bxb7 36. Nxe5 Rxg2 37.
Bc4 g5+ 38. Ke3 Rxb2 39. Nxf7 Kg7 40. Nxg5 Rh2 41. Ne6+ Kf6 42. Nf4 Bc8 43. a4 Bxh3 44. a5 Bc8 45. a6 Rc2 46. a7 Bb7 47. Bd5 1-0

[Event "*** Titled Tuesday Blitz"]
[Site "Chess.com"]
[Date "2020.10.20"]
[Round "5"]
[White "geordie_derraugh"]
[Black "RobertoJBM"]
[Result "1-0"]
[WhiteElo "2395"]
[BlackElo "2683"]
[TimeControl "180+1"]
[EndTime "10:57:44 PDT"]
[Termination "geordie_derraugh won on time"]

1. e4 c6 2. c4 d5 3. exd5 Nf6 4. Nf3 cxd5 5. cxd5 Nxd5 6. Nc3 e6 7. Bc4 Be7 8. O-O O-O 9. Re1 Nc6 10. d4 Bf6 11.
Bb3 Nce7 12. a3 Bd7 13. Bc2 Bc6 14. Ne5 Nxc3 15. bxc3 g6 16. Qg4 Nf5 17. Nxc6 bxc6 18. Qf3 Rc8 19. Rb1 c5 20. Bxf5 exf5 21. d5 c4 22. Rd1 Qa5 23. Rb4 Rfd8 24. g4 Rc5 25.
gxf5 Rcxd5 26. Rxd5 Qxd5 27. Qxd5 Rxd5 28. Bh6 gxf5 29.
Rxc4 Bd8 30. Rc8 f6 31. Be3 Kf7 32. Bxa7 Be7 33. Rc7 Ke6 34. a4 Ra5 35. Bd4 Rxa4 36. Rc6+ Kd7 37. Rb6 Rc4 38. Kg2 Rc8 39. Rb7+ Ke6 40.
Kf3 Rc6 41. Rb2 Bd6 42. h3 Be5 43. Rd2 Rc4 44. Ke3 Kd5 45. f4 Bd6 46. Rf2 1-0

[Event "*** Titled Tuesday Blitz"]
[Site "Chess.com"]
[Date "2020.10.20"]
[Round "5"]
[White "TigranMukhutdinov"]
[Black "tdf98pantani"]
[Result "0-1"]
[WhiteElo "2519"]
[BlackElo "2727"]
[TimeControl "180+1"]
[EndTime "10:57:44 PDT"]
[Termination "tdf98pantani won by resignation"]

1. Nf3 d5 2. g3 Nd7 3. d4 Ngf6 4.
Bg2 Nb6 5. O-O Bf5 6. b3 c6 7. Bb2 e6 8. Nbd2 Be7 9. c4 O-O 10. Nh4 h6 11. Nxf5 exf5 12. e3 g6 13. a4 a5 14. Ba3 Bxa3 15. Rxa3 Qe7 16. Ra2 h5 17. h4 Rad8 18. c5 Na8 19. b4 axb4 20. Qb3 Nc7 21. Qxb4 Ne6 22. Rb2 Rd7 23. Nf3 Ng4 24. Bh3 g5 25.
hxg5 Nxg5 26. Bg2 Ne4 27. Nh4 Qg5 28. f4 Qe7 29. Nxf5 Qe6 30. Bxe4 Qxe4 31. Nh4 Qxe3+ 32.
Kg2 Qe4+ 33. Kh3 Re8 34. f5 Qd3 35. Re1 Rde7 36. Rxe7 Rxe7 37. Qd2 Qf1+ 38. Qg2 Qd1 39. Rd2 Qe1 40. Nf3 Qe3 41. f6 Re6 42. Nh4 Re4 43. Nf5 Qg5 44. Ne7+ Kh7 45. Re2 Nxf6 46. Rxe4 Nxe4 47.
Nc8 Qg4+ 48. Kh2 Qxc8 49. Qf3 Kg6 50. Qf4 Qg4 51. Qe5 f6 52. Qe8+ Kh7 53. Qd7+ Qxd7 0-1

[Event "*** Titled Tuesday Blitz"]
[Site "Chess.com"]
[Date "2020.10.20"]
[Round "5"]
[White "MokshanovAlexey"]
[Black "Ze-Pequeno"]
[Result "1/2-1/2"]
[WhiteElo "2537"]
[BlackElo "2232"]
[TimeControl "180+1"]
[EndTime "10:57:44 PDT"]
[Termination "Game drawn by repetition"]

1. e4 c5 2. Nf3 d6 3. Bb5+ Bd7 4. Bxd7+ Qxd7 5. O-O Nf6 6. Qe2 Nc6 7. c3 e6 8. d4 cxd4 9. cxd4 d5 10. e5 Ne4 11.
Be3 Be7 12. Ne1 f5 13. f3 Ng5 14. Nd3 O-O 15. Nd2 Rac8 16. Rac1 Nf7 17. f4 b6 18. h3 Nb4 19. Nxb4 Bxb4 20. Nf3 Rxc1 21.
Rxc1 Rc8 22. Kf2 Rxc1 23. Bxc1 Qc6 24. Bd2 Be7 25. Qa6 Qc7 26. Ne1 Nd8 27. Nd3 Kf7 28.
Ke3 Ke8 29. Bc3 Qb7 30. Qxb7 Nxb7 31. Bb4 Bd8 32. g4 g6 33. a4 Kd7 34. Nc1 Kc6 35.
Ne2 b5 36. b3 bxa4 37. bxa4 Na5 38. Bxa5 Bxa5 39. Ng1 Bd8 40. Nf3 Kb6 41. gxf5 gxf5 42.
h4 Kc6 43. h5 Kd7 44. Ng5 Bxg5 45. fxg5 Ke7 46. Kf3 Kf7 47. Kg3 Kg7 48. Kf3 Kf7 49. Kg3 a5 50. Kf3 Kg7 51. Kg3 Kf7 52. Kf3 Kg7 53.
Kg3 Kf7 1/2-1/2

[Event "*** Titled Tuesday Blitz"]
[Site "Chess.com"]
[Date "2020.10.20"]
[Round "5"]
[White "LubovMarkelova"]
[Black "capatl"]
[Result "0-1"]
[WhiteElo "2249"]
[BlackElo "2530"]
[TimeControl "180+1"]
[EndTime "10:57:44 PDT"]
[Termination "capatl won on time"]

1. Nf3 c5 2. c4 b6 3. g3 Bb7 4. Bg2 e6 5. O-O Nf6 6. Nc3 Be7 7. Re1 O-O 8. e4 d6 9. d4 cxd4 10. Nxd4 Qc8 11. Be3 Nbd7 12. Rc1 a6 13. f4 Nc5 14. Bf2 Rd8 15. b4 Ncd7 16. g4 Rb8 17. g5 Ne8 18. Qg4 Qxc4 19. Nd5 Bxd5 20. exd5 Qxa2 21.
Nc6 Bf8 22. Nxd8 Rxd8 23. dxe6 fxe6 24. Rxe6 Qa3 25. Rce1 Nc7 26. R6e4 d5 27. R4e2 Bxb4 28. Rd1 Bc5 29. Qf5 Bxf2+ 30. Kxf2 Qc5+ 31. Kg3 Nf8 32. Be4 a5 33. Red2 Qe3+ 34. Bf3 a4 35. Rd3 Qc5 36. Bxd5+ Kh8 37. Qf7 Ng6 38. Bf3 Rf8 39. Qxf8+ Nxf8 40.
Rd8 Ne6 41. Re8 Qc7 42. Kg2 Qxf4 0-1

[Event "*** Titled Tuesday Blitz"]
[Site "Chess.com"]
[Date "2020.10.20"]
[Round "5"]
[White "ambaixador"]
[Black "Omk124"]
[Result "0-1"]
[WhiteElo "2312"]
[BlackElo "2492"]
[TimeControl "180+1"]
[EndTime "10:57:45 PDT"]
[Termination "Omk124 won on time"]

1. Nf3 Nf6 2. c4 g6 3. g3 Bg7 4. Bg2 O-O 5. O-O c6 6. d4 d5 7.
Qb3 dxc4 8. Qxc4 Be6 9. Qc2 Nbd7 10. Nc3 Nb6 11. e4 Rb8 12. Rd1 Qc8 13. Bf4 Ra8 14.
Rac1 Bh3 15. Bh1 Rd8 16. Ne5 Nh5 17. Be3 Be6 18. f4 Bxe5 19. dxe5 Rxd1+ 20. Rxd1 Bg4 21. Rd4 Qe6 22. Qd3 Kg7 23. b3 Qc8 24. a4 c5 25.
Rd5 Nxd5 26. exd5 b6 27. Bd2 Bf5 28. Qe3 Kg8 29. Bf3 Ng7 30. d6 exd6 31. Bxa8 Qxa8 32. exd6 Ne6 33. Nb5 Qd5 34. Bc3 Bh3 35. Kf2 Qh1 36.
Qe5 Qxh2+ 37. Kf3 Qg2+ 38. Ke3 Qxg3+ 39. Kd2 Qxf4+ 40. Qxf4 Nxf4 41. Nxa7 Nd5 42. Be5 h5 43. Nc6 Kf8 44. Bg3 Ke8 45. Bh4 Bd7 46. Ne5 Bf5 47.
Nc4 Kd7 48. Ne5+ Kxd6 49. Nxf7+ Kc7 50. Ng5 Nf4 51. Nf3 Ne6 52. Ng5 Nd4 53. Kc3 Be6 54.
Bg3+ Kb7 55. Ne4 Bxb3 56. Nd6+ Kc6 57. Ne4 Bxa4 58. Ng5 Bd1 59. Be5 Kd5 60. Bg7 Bg4 61.
Nf7 Bf5 62. Ng5 b5 63. Nh3 b4+ 64. Kb2 c4 0-1

[Event "*** Titled Tuesday Blitz"]
[Site "Chess.com"]
[Date "2020.10.20"]
[Round "5"]
[White "medalja"]
[Black "lelya96"]
[Result "1/2-1/2"]
[WhiteElo "2400"]
[BlackElo "2196"]
[TimeControl "180+1"]
[EndTime "10:57:45 PDT"]
[Termination "Game drawn by repetition"]

1. d4 d5 2. c4 c6 3. Nf3 Nf6 4. e3 Bg4 5. h3 Bf5 6. Nc3 dxc4 7. Bxc4 e6 8. Nh4 Bg6 9. Nxg6 hxg6 10. e4 Bb4 11.
Qd3 Nbd7 12. Bf4 Qa5 13. O-O g5 14. Bd2 g4 15. hxg4 Nxg4 16. f3 Ngf6 17. a3 Bxc3 18. Bxc3 Qh5 19. Kf2 Qh4+ 20. Ke2 Nh5 21. Kd2 Ng3 22.
Rg1 O-O-O 23. Kc2 Ne5 24. dxe5 Rxd3 25. Bxd3 Rd8 26. Bb4 Qf4 27. Bd6 f6 28. Rad1 fxe5 29. Bc4 Qf6 30. Rd2 Rd7 31. Rgd1 b5 32. Bb3 Nh5 33.
Kc1 Nf4 34. Bxe5 Ne2+ 35. Kb1 Qxe5 36. Rxd7 Nf4 37. Re7 Qc5 38. Re8+ Kc7 39. Bxe6 Nxe6 40. Rxe6 Qe3 41. Re7+ Kb6 42. Rxg7 Qe2 43. Rgd7 a5 44.
R7d2 Qe3 45. Rc2 b4 46. axb4 axb4 47. Rdc1 Qd3 48. b3 Qxb3+ 49. Rb2 Qd3+ 50. Ka1 c5 51. e5 Qa3+ 52. Kb1 Qd3+ 53. Ka1 Qa3+ 54. Kb1 Qd3+ 55. Ka1 1/2-1/2

[Event "*** Titled Tuesday Blitz"]
[Site "Chess.com"]
[Date "2020.10.20"]
[Round "5"]
[White "Bulldog167"]
[Black "vugarrasulov"]
[Result "0-1"]
[WhiteElo "2753"]
[BlackElo "2867"]
[TimeControl "180+1"]
[EndTime "10:57:46 PDT"]
[Termination "vugarrasulov won by resignation"]

1. e4 e5 2. Nf3 Nf6 3. Nxe5 d6 4. Nf3 Nxe4 5. d3 Nf6 6. d4 d5 7. Bd3 Bd6 8. Qe2+ Qe7 9. Qxe7+ Kxe7 10. O-O Re8 11. Bg5 Nd7 12. Bxh7 Kf8 13. Bd3 Ne4 14. Bh4 Ndf6 15. Nbd2 Bg4 16. Rfe1 c6 17. Bxf6 Nxf6 18. Ne5 Be6 19. Ndf3 Ng4 20. c3 Nxe5 21. Nxe5 f6 22. Nf3 g5 23. Nd2 a5 24. a4 b6 25. Nf1 Re7 26. Ne3 Rae8 27. Bg6 Bf7 28. Bxf7 Kxf7 29. Kf1 Bxh2 30. Nf5 Rxe1+ 31. Rxe1 Rxe1+ 32. Kxe1 Bc7 33. g4 Bf4 34. Kd1 Ke6 35. Kc2 Kd7 36. b3 b5 37.
Kd3 Bh2 38. Ne3 Ke6 39. Nc2 bxa4 40. bxa4 f5 41. f3 fxg4 42. fxg4 Bf4 43. Na1 Bc7 44. Nb3 Bb6 45. Ke3 Kf6 46. Nc1 Bc7 47. Nd3 Bd6 48. Nc1 Bf4+ 49. Kd3 Bxc1 50. Kc2 Bf4 51. Kd3 Ke6 52.
Kc2 Kd6 53. Kd3 c5 54. Ke2 Kc6 55. Kd3 Bh2 56. Ke3 Bg1+ 57. Kd3 Kd6 0-1

[Event "*** Titled Tuesday Blitz"]
[Site "Chess.com"]
[Date "2020.10.20"]
[Round "5"]
[White "XDPS"]
[Black "Fh2411"]
[Result "1-0"]
[WhiteElo "2715"]
[BlackElo "2511"]
[TimeControl "180+1"]
[EndTime "10:57:46 PDT"]
[Termination "XDPS won on time"]

1. Nf3 d5 2. e3 c6 3. c4 Nf6 4.
b3 Bg4 5. Bb2 e6 6. Be2 Be7 7.
O-O O-O 8. Nc3 Nbd7 9. Qc2 Bf5 10. d3 h6 11. Rad1 a5 12. Rfe1 Nc5 13. Bf1 Bh7 14. e4 Re8 15. Qe2 Qc7 16. h3 dxe4 17. dxe4 Nfxe4 18. Nxe4 Bxe4 19. Ne5 Bf6 20. f4 Bh7 21. Qe3 b6 22. Bd4 Be7 23. Qf3 Rac8 24. Qh5 Bf8 25. Kh1 Red8 26. Be2 Ne4 27. Qf3 Bc5 28. Bxc5 Nxc5 29. Qe3 Ne4 30. Bf3 Ng3+ 31. Kg1 Nf5 32. Qf2 c5 33. Bh5 f6 34. Bf7+ Kh8 35. Bxe6 fxe5 36.
Bxc8 Rxc8 37. Rxe5 Nd4 38. Rde1 Rf8 39. Re8 Qf7 40. Rxf8+ Qxf8 41. Re5 Bg8 42. Qe3 Qf6 43. Re8 Qf7 44. Qe4 Nf5 45. Qe5 1-0

[Event "*** Titled Tuesday Blitz"]
[Site "Chess.com"]
[Date "2020.10.20"]
[Round "5"]
[White "grunbergmihai"]
[Black "Olga_Zhuravleva"]
[Result "1-0"]
[WhiteElo "2508"]
[BlackElo "2329"]
[TimeControl "180+1"]
[EndTime "10:57:46 PDT"]
[Termination "grunbergmihai won by resignation"]

1. Nf3 g6 2. c4 Bg7 3. d4 d6 4. Nc3 Nc6 5. d5 Ne5 6. Nxe5 Bxe5 7. e4 Bg7 8. f4 e5 9. dxe6 fxe6 10. Be3 Nf6 11.
Be2 O-O 12. O-O a6 13. Qc2 Kh8 14. Rad1 Qe8 15. Bf3 Nd7 16. b4 Qf7 17. a3 Qf6 18. Ne2 Qb2 19. Qd3 Qf6 20. g3 Rb8 21. Bg2 Qe7 22. Nd4 Nf6 23. Qe2 e5 24. fxe5 dxe5 25. Nb3 Bg4 26. Bf3 Bxf3 27. Rxf3 Nxe4 28. Nc5 Nc3 29.
Rxf8+ Rxf8 30. Qd2 Nxd1 31. Qxd1 Qf7 32. Qd3 Qf5 33. Qxf5 gxf5 34. Nxb7 f4 35. Bc5 Rb8 36. Na5 fxg3 37. hxg3 Rd8 38. Kf2 Rd3 39. b5 axb5 40. cxb5 e4 41. Nc6 Rc3 42. Bb4 Rf3+ 43. Kg2 Kg8 44.
a4 Rb3 45. a5 Rb2+ 46. Kf1 e3 47. a6 Ra2 48. a7 Bf8 49. Ba5 Bc5 50. a8=Q+ Kg7 51.
Bc3+ Kh6 52. Qxa2 1-0